 Dungeon Crawl Stone Soup version 0.28.0-43-g3370ac3207 (webtiles) character file.

Game seed: 5010122557207501217

7068 MoonMattia the Destroyer (level 11, -12/61 HPs)
             Began as a Gargoyle Conjurer on Mar 27, 2022.
             Was a Believer of Sif Muna.
             Mangled by a cane toad (25 damage)
             ... on level 1 of the Lair of Beasts.
             The game lasted 01:38:14 (13049 turns).

MoonMattia the Destroyer (Gargoyle Conjurer)       Turns: 13049, Time: 01:38:15

Health: -12/61     AC: 20    Str: 17    XL:     11   Next: 9%
Magic:  14/23      EV: 15    Int: 23    God:    Sif Muna [**....]
Gold:   690        SH:  0    Dex: 12    Spells: 13/26 levels left

rFire   . . .      SeeInvis .   A - staff of conjuration
rCold   . . .      Faith    .   w - orb {mayhem}
rNeg    + . .      Spirit   .   C - +1 ring mail of Syclionn {rPois rCorr Dex+4 Stlth+}
rPois   ∞          Reflect  .   k - +1 helmet
rElec   +          Harm     .   B - +0 cloak
rCorr   +          Rampage  .   (no gloves)
Will    .....                   f - +0 pair of boots
Stlth   ++........              (no amulet)
HPRegen 0.20/turn               r - +4 ring of evasion
MPRegen 0.18/turn               s - +6 ring of strength

@: about to teleport
A: sickness immunity, AC +8, negative energy resistance 1, electricity
resistance, torment resistance 1, petrification resistance
a: Renounce Religion, Channel Magic


You were on level 1 of the Lair of Beasts.
You worshipped Sif Muna.
Sif Muna was pleased with you.
You visited 3 branches of the dungeon, and saw 12 of its levels.

You collected 690 gold pieces.

Inventory:

Hand Weapons
 b - a +0 dagger
 n - a +0 flail
 u - a +0 spear
 x - a +3 rapier of speed
 y - a +2 rapier of holy wrath
 I - a +5 dagger of freezing
 O - a +6 trident of freezing
Missiles
 e - 31 poisoned darts
Armour
 a - a +0 robe
 c - a +0 leather armour
 f - a +0 pair of boots (worn)
 k - a +1 helmet (worn)
 o - a +0 scale mail
 w - an orb of mayhem (worn)
 B - a +0 cloak (worn)
 C - the +1 ring mail of Syclionn (worn) {rPois rCorr Dex+4 Stlth+}
   (You found it on level 5 of the Dungeon)

   Dex:       It affects your dexterity (+4).
   rPois:     It protects you from poison.
   rCorr:     It protects you from acid and corrosion.
   Stlth:     It makes you more stealthy.
 J - the +1 ring mail "Byitil" {rPois Str+5}
   (You found it on level 7 of the Dungeon)

   Str:       It affects your strength (+5).
   rPois:     It protects you from poison.
 N - a +0 troll leather armour
Magical Staves
 h - a staff of air
 A - a staff of conjuration (weapon)
Jewellery
 q - a ring of ice
 r - a +4 ring of evasion (left hand)
 s - a +6 ring of strength (right hand)
 v - a ring of see invisible
 P - a ring of positive energy
Wands
 d - a wand of paralysis (11)
 l - a wand of flame (43)
 p - a wand of mindburst (12) (quivered)
 t - a wand of iceblast (12)
 G - a wand of acid (3)
Scrolls
 g - 5 scrolls of identify
 H - a scroll of torment
 K - 5 scrolls of immolation
 M - 2 scrolls of teleportation
 Q - a scroll of amnesia {unknown}
 S - a scroll of holy word {unknown}
Potions
 i - 5 potions of curing
 j - 2 potions of haste
 m - 2 potions of might {unknown}
 z - 3 potions of heal wounds
 D - a potion of lignification {unknown}
 E - a potion of cancellation {unknown}
 F - a potion of invisibility {unknown}
 L - a potion of flight {unknown}
 R - a potion of brilliance


   Skills:
 + Level 4.0 Fighting
 + Level 1.2 Staves
 - Level 6.0 Armour
 - Level 1.6 Dodging
 - Level 2.3 Stealth
 - Level 8.2 Spellcasting
 - Level 11.0 Conjurations
 - Level 4.0 Hexes
 * Level 5.8 Poison Magic
 - Level 3.0 Evocations


You had 13 spell levels left.
You knew the following spells:

 Your Spells              Type           Power      Damage    Failure   Level
a - Magic Dart            Conj           100%       1d8       1%          1
b - Searing Ray           Conj           100%       2d8       1%          2
c - Fulminant Prism       Conj/Hex       30%        3d16      4%          4
d - Poisonous Vapours     Pois/Air       44%        N/A       5%          2
e - Olgreb's Toxic Radia  Pois           36%        N/A       11%         4

Your spell library contained the following spells:

 Spells                   Type           Power      Damage    Failure   Level
 Dazzling Flash           Conj/Hex       100%       N/A       1%          3
 Sting                    Tmut/Pois      88%        1d7       3%          1
 Animate Skeleton         Necr           18%        N/A       12%         1
 Pain                     Necr           36%        1d5       12%         1
 Iskenderun's Mystic Bla  Conj/Tloc      51%        2d11      12%         4
 Inner Flame              Hex/Fire       18%        N/A       16%         3
 Wereblood                Tmut           9%         N/A       17%         2
 Cause Fear               Hex            13%        N/A       22%         4
 Irradiate                Conj/Tmut      25%        3d22      32%         5
 Ozocubu's Armour         Ice            9%         N/A       34%         3
 Vampiric Draining        Necr           9%         2d6       34%         3
 Animate Dead             Necr           4%         N/A       75%         4
 Summon Lightning Spire   Summ/Air       9%         N/A       75%         4
 Blade Hands              Tmut           4%         N/A       97%         5
 Borgnjor's Vile Clutch   Necr/Erth      4%         N/A       97%         5
 Death Channel            Necr           4%         N/A       100%        6
 Dragon Form              Tmut           4%         N/A       100%        7
 Ozocubu's Refrigeration  Ice            4%         4d5       100%        7
 Storm Form               Tmut/Air       4%         N/A       100%        7
 Summon Hydra             Summ           4%         N/A       100%        7
 Discord                  Hex            13%        N/A       100%        8
 Maxwell's Capacitive Co  Air            4%         ∞         100%        8
 Sublimation of Blood     Necr           Unusable   N/A       N/A         2

Dungeon Overview and Level Annotations

Branches:
Dungeon (10/15)            Temple (1/1) D:4            Lair (1/6) D:10
    Orc: D:9-12

Altars:
Ashenzari
Cheibriados
Dithmenos
Elyvilon
Fedhas
Gozag
Hepliaklqana
Kikubaaqudgha
Makhleb
Nemelex Xobeh
Okawaru
Qazlal
Ru
Sif Muna
Trog
Uskayaw
Vehumet
Wu Jian
Xom
Yredelemnul
Zin
The Shining One

Shops:
D:6 **


Innate Abilities, Weirdness & Mutations

You are immune to sickness and miasma.
Your stone body is resilient. (AC +8)
You are immune to poison.
You resist negative energy. (rN+)
You are resistant to electric shocks. (rElec)
You are resistant to unholy torment.
You are immune to petrification.


Message History

You kill the bullfrog!
Sif Muna accepts your kill.
The cane toad flies into a frenzy!
The blast of energy engulfs the cane toad!
The cane toad is heavily wounded.
You hear a croak. x2; You hear a roar!
You hear a loud, deep croak!
You hear a croak.
You hear a loud, deep croak!
You hear an angry hiss. x2
You hear a bellow!
You hear an angry hiss.
Your Fighting skill increases to level 4!
Casting: Magic Dart (safe; 1% risk of failure)
Confirm with . or Enter, or press ? or * to list all spells.
Aiming: Searing Ray (safe; 1% risk of failure)
Press: ? - help, Shift-Dir - straight line, f/p - cane toad
Aim: a cane toad (heavily wounded, fast, strong, frenzied and insane, 85% to hit)
You feel a surge of power!
The searing ray hits the cane toad!
The cane toad is severely wounded. (Press . to maintain the ray.)
You hear an angry hiss.
The cane toad stings you but does no damage.
The cane toad completely misses you.
The searing ray misses the cane toad.
The cane toad closely misses you.
The searing ray misses the cane toad.
The cane toad stings you! The cane toad closely misses you.
The searing ray hits the cane toad.
The cane toad is almost dead.
You finish channelling your searing ray.
The cane toad stings you!! The cane toad stings you!
* * * LOW HITPOINT WARNING * * *
You hear a roar!
You feel much better.
You hear an angry hiss.
The cane toad barely misses you.
A six-headed hydra comes into view.
A komodo dragon comes into view.
The cane toad stings you!
* * * LOW HITPOINT WARNING * * *
As you read the scroll of teleportation, it crumbles to dust.
You feel strangely unstable.
The cane toad stings you but does no damage.
The cane toad stings you!!
You die...

####.##
########...l..#
..)....@F....D.
....#...#####..
. .....##
....##. #.. ..
.. #.. . P..
#...


You could see a six-headed hydra, a komodo dragon and a neutral cane toad (fast,
strong, insane).

Vanquished Creatures
  A two-headed ogre (D:10)
  A wizard (D:9)
  An oklob plant (D:10)
  A kobold demonologist (D:10)
  A komodo dragon (D:10)
  3 trolls
  Prince Ribbit (D:5)
  4 yaks (D:10)
  2 wyverns (D:9)
  Eustachio (D:5)
  Duvessa (D:5)
  A water moccasin (D:9)
  4 black bears
  2 phantoms
  3 centaurs
  2 kobold brigands (D:10)
  2 bullfrogs
  Blork the orc (D:6)
  A water moccasin skeleton (D:4)
  Dowan (D:5)
  8 killer bees
  7 wights
  A centaur zombie (D:9)
  A crimson imp (D:9)
  2 centaur skeletons
  4 hounds
  A jelly (D:6)
  2 gnoll shamans (D:8)
  3 orc priests
  A bullfrog skeleton (D:6)
  Natasha (twice) (D:2)
  2 iguanas (D:6)
  5 orc wizards
  A hound skeleton (D:4)
  2 howler monkey zombies
  12 gnolls
  6 adders
  3 shadow imps
  A white imp (D:7)
  An ufetubus (D:5)
  An adder skeleton (D:4)
  A worm (D:2)
  4 dart slugs
  22 orcs
  9 ball pythons
  8 endoplasms
  4 giant cockroaches
  6 hobgoblins
  3 jackals (D:2)
  16 kobolds
  3 quokkas
  7 bats
  5 goblins
  13 rats
  A fulminant prism (D:10)
202 creatures vanquished.

Vanquished Creatures (collateral kills)
  A yak (D:10)
  A wight (D:7)
  2 gnolls (D:8)
  An orc (D:9)
  A kobold (D:10)
6 creatures vanquished.

Vanquished Creatures (others)
  A killer bee (D:8)
  A wight (D:7)
  An orc priest (D:6)
  2 kobolds (D:10)
  12 fulminant prisms
  15 plants
32 creatures vanquished.

Grand Total: 240 creatures vanquished

Notes
Turn   | Place    | Note
-------+----------+-------------------------------------------
     0 | D:1      | MoonMattia the Gargoyle Conjurer began the quest for the
                  | Orb.
     0 | D:1      | Reached XP level 1. HP: 10/10 MP: 3/3
   124 | D:1      | Reached XP level 2. HP: 15/15 MP: 0/5
   685 | D:1      | Learned a level 2 spell: Searing Ray
   837 | D:1      | Reached XP level 3. HP: 17/19 MP: 2/6
  1511 | D:2      | Reached skill level 1 in Armour
  1511 | D:2      | Reached skill level 5 in Conjurations
  1830 | D:2      | Reached XP level 4. HP: 18/24 MP: 2/8
  2169 | D:2      | Noticed Natasha
  2175 | D:2      | Killed Natasha
  2176 | D:2      | Reached XP level 5. HP: 28/28 MP: 4/9
  2348 | D:2      | Noticed Natasha
  2371 | D:2      | Killed Natasha
  2527 | D:3      | Found a faded altar of an unknown god.
  3762 | D:3      | Found an iron altar of Okawaru.
  3830 | D:3      | Learned a level 4 spell: Fulminant Prism
  3970 | D:4      | Reached skill level 6 in Conjurations
  3970 | D:4      | Reached XP level 6. HP: 32/32 MP: 4/11
  4048 | D:4      | Reached skill level 1 in Hexes
  4432 | D:4      | Found a staircase to the Ecumenical Temple.
  4440 | Temple   | Entered the Ecumenical Temple
  4561 | Temple   | Became a worshipper of Sif Muna the Loreminder
  5231 | D:5      | Entered Level 5 of the Dungeon
  5271 | D:5      | Noticed Prince Ribbit
  5284 | D:5      | Reached XP level 7. HP: 36/36 MP: 10/13
  5465 | D:5      | Noticed Duvessa
  5540 | D:5      | Killed Prince Ribbit
  5541 | D:5      | Reached skill level 1 in Evocations
  5915 | D:5      | Noticed Dowan
  5950 | D:5      | Killed Duvessa
  5963 | D:5      | Killed Dowan
  5964 | D:5      | Reached skill level 7 in Conjurations
  6169 | D:5      | Reached skill level 5 in Spellcasting
  6169 | D:5      | Reached XP level 8. HP: 25/41 MP: 7/15
  6295 | D:5      | Noticed Eustachio
  6527 | D:5      | Learned a level 2 spell: Poisonous Vapours
  6567 | D:5      | Killed Eustachio
  6568 | D:5      | Reached skill level 1 in Poison Magic
  6707 | D:5      | Identified the +1 ring mail of Syclionn {rPois rCorr Dex+4
                  | Stlth+}
  7010 | D:6      | Noticed Blork the orc
  7024 | D:6      | Killed Blork the orc
  7331 | D:6      | Reached skill level 8 in Conjurations
  7405 | D:6      | Reached * piety under Sif Muna
  7406 | D:6      | Reached XP level 9. HP: 45/45 MP: 11/17
  7731 | D:6      | Found Hetu's Specific Store.
  7818 | D:6      | Found Ocvibboi's General Store.
  7925 | D:7      | Reached skill level 5 in Armour
  8055 | D:7      | Identified the +1 ring mail "Byitil" {rPois Str+5}
  8461 | D:7      | Noticed a hornet
  9589 | D:8      | Learned a level 4 spell: Olgreb's Toxic Radiance
 10569 | D:9      | Reached skill level 9 in Conjurations
 10841 | D:9      | Noticed a troll
 10856 | D:9      | Killed a troll
 10856 | D:9      | Reached ** piety under Sif Muna
 10857 | D:9      | Reached XP level 10. HP: 47/50 MP: 6/20
 11201 | D:9      | Noticed a wizard
 11281 | D:10     | Entered Level 10 of the Dungeon
 11426 | D:10     | Noticed a kobold demonologist
 11434 | D:10     | Killed a kobold demonologist
 11435 | D:10     | Reached skill level 10 in Conjurations
 11616 | D:10     | Noticed a two-headed ogre
 11730 | D:9      | Killed a wizard
 11909 | D:10     | Killed a two-headed ogre
 11910 | D:10     | Reached skill level 1 in Fighting
 12365 | D:10     | Noticed an oklob plant
 12401 | D:10     | Found a staircase to the Lair.
 12474 | D:10     | Reached skill level 5 in Poison Magic
 12694 | D:10     | Reached skill level 11 in Conjurations
 12694 | D:10     | Reached XP level 11. HP: 56/60 MP: 12/23
 12926 | D:10     | Killed an oklob plant
 12927 | D:10     | Reached skill level 1 in Staves
 13040 | Lair:1   | Entered Level 1 of the Lair of Beasts
 13048 | Lair:1   | Noticed a six-headed hydra
 13049 | Lair:1   | Mangled by a cane toad

Illustrated notes

Levels and vault maps discovered:
D:1:      onia_arrival_handbag, layout_loops_ring
D:2:      layout_loops_ring, uniq_natasha
D:3:      minmay_recursive_quarters, layout_loops_ring,
          mainiacjoe_overflow_six_doors_small, nicolae_ecumenical_pavilion,
          hangedman_abyss_or_decor_stabs, minmay_misc_feat_cross
D:4:      layout_cave_pods, minmay_temple_entry_hall, minmay_fountain_box
D:5:      layout_rooms, uniq_duvessa, uniq_prince_ribbit1, uniq_eustachio
D:6:      layout_gridville, nicolae_specific_store, uniq_blork_the_orc
D:7:      layout_rooms
D:8:      layout_basic, grunt_decor_arrowhead
D:9:      layout_gridville, lightli_wizard_tower
D:10:     layout_cave_pools, dpeg_oklobed_lair, grunt_ministairs_5,
          ebering_dispersal_statue_hall
Temple:   grunt_wide_crystal_templ
Lair:1:   layout_misc_corridors, ebering_ghost_xom, nicolae_lair_lil_pond,
          beast_lair_carwin_8, uniq_joseph

Skill      XL: |  1  2  3  4  5  6  7  8  9 10 11 |
---------------+----------------------------------+-----
Armour         | 1 2 4 6 |  6.0
Conjurations   | 5 6 7 8 9 11 | 11.0
Spellcasting   | 3 4 5 7 8 |  8.2
Hexes          | 1 3 4 |  4.0
Evocations     | 2 3 |  3.0
Poison Magic   | 1 3 5 |  5.8
Fighting       | 3 4 |  4.0
Staves         | 1 |  1.2
Dodging        | |  1.6
Stealth        | |  2.3

Action                   |  1- 3 |  4- 6 |  7- 9 | 10-12 || total
-------------------------+-------+-------+-------+-------++-------
Melee: Dagger            |    24 |    29 |       |       ||    53
       Unarmed           |     2 |       |       |       ||     2
       Punch             |     1 |     1 |       |       ||     2
       Staff             |       |       |    52 |    46 ||    98
 Cast: Magic Dart        |    62 |    85 |   117 |    38 ||   302
       Searing Ray       |     6 |    16 |    44 |    17 ||    83
       Poisonous Vapours |       |       |    10 |    49 ||    59
       Fulminant Prism   |       |       |     2 |    11 ||    13
Evoke: Wand              |       |       |     4 |       ||     4
  Use: Scroll            |       |     9 |     5 |     5 ||    19
       Potion            |       |       |       |     1 ||     1
 Stab: Sleeping          |       |       |     1 |       ||     1
Armor: Leather armour    |    12 |    13 |    20 |       ||    45
       Ring mail         |       |       |    21 |    41 ||    62
Dodge: Dodged            |    16 |    36 |    72 |   102 ||   226
